 Dungeon Crawl Stone Soup version 0.26-a0-812-g31a745ddcd (webtiles) character file.

Game seed: 1187380429869153651

43 kae the Insei (level 3, -2/20 HPs)
             Began as a Tengu Transmuter on Nov 17, 2020.
             Slain by an adder (5 damage)
             ... on level 2 of the Dungeon.
             The game lasted 00:00:53 (1416 turns).

kae the Insei (Tengu Transmuter)                    Turns: 1416, Time: 00:00:54

Health: -2/20      AC:  2    Str: 11    XL:     3   Next: 58%
Magic:  7/7        EV: 15    Int: 13    God:
Gold:   35         SH:  0    Dex: 14    Spells: 2/6 levels left

rFire    . . .     SeeInvis .     - Unarmed
rCold    . . .     Faith    .   (no shield)
rNeg     . . .     Spirit   .   a - +0 robe
rPois    .         Reflect  .   (helmet restricted)
rElec    .         Harm     .   (no cloak)
rCorr    .         Rampage  .   (no gloves)
MR       .....                  (boots unavailable)
Stlth    +.........             (no amulet)
HPRegen  0.06/turn              (no ring)
MPRegen  0.10/turn              (no ring)

@: lethally poisoned (-2 -> -14), flying quickly and evasively, quick
A: beak, talons 3
a: no special abilities


You were on level 2 of the Dungeon.
You visited 1 branch of the dungeon, and saw 2 of its levels.

You collected 35 gold pieces.

Inventory:

Armour
 a - a +0 robe (worn)
Scrolls
 c - 3 scrolls of identify {unknown}
 d - 2 scrolls of amnesia {unknown}
 e - a scroll of random uselessness {unknown}
 f - a scroll of remove curse {unknown}
 g - a scroll of teleportation {unknown}
 j - 2 scrolls of enchant armour {unknown}
Potions
 h - a potion of might {unknown}
 i - a potion of lignification {unknown}


   Skills:
 + Level 1.1 Fighting
 - Level 2.1 Dodging
 + Level 3.8 Unarmed Combat
 - Level 2.0 Spellcasting
 * Level 2.7 Transmutations
 * Level 0.1 Poison Magic


You had 2 spell levels left.
You knew the following spells:

 Your Spells              Type           Power        Failure   Level
a - Beastly Appendage     Tmut           #.....       9%          1
b - Spider Form           Tmut/Pois      #.........   38%         3

Your spell library contained the following spells:

 Spells                   Type           Power        Failure   Level
 Wereblood                Tmut           #.......     13%         2
 Ice Form                 Ice/Tmut       #.......     82%         4
 Blade Hands              Tmut           #.........   93%         5


Dungeon Overview and Level Annotations

Branches:
Dungeon (2/15)

Altars:


Innate Abilities, Weirdness & Mutations

You have a beak for a mouth.
You have claws for feet.


Message History

You miss the adder. Your kick misses the adder.
The adder is heavily wounded.
The adder bites you.
You are lethally poisoned!
The adder poisons you!
You barely miss the adder.
The adder is heavily wounded.
You feel sick. The adder bites you.
* * * LOW HITPOINT WARNING * * *
The adder misses you.
You closely miss the adder. Your peck misses the adder.
The adder is heavily wounded.
* * * LOW HITPOINT WARNING * * *
You feel sick. The adder closely misses you.
It was a potion of flight.
You feel very buoyant.
You swoop lightly up into the air.
* * * LOW HITPOINT WARNING * * *
You feel sick. The adder bites you.
You die...

..........(......##
.#..............##.
.##.............#..
................#.#
#..............##.#
..#............#..# ..
###............#.. #..#
#
##...........#S####...#
# ##.....##...#@.....#
#########..†...####
#..##### #.........
#..[...... #.......?.
#......... ##########


You could see an adder.

Vanquished Creatures
  A gnoll (D:1)
  A dart slug (D:1)
  5 bats
  3 giant cockroaches (D:1)
  2 goblins
  3 hobgoblins (D:1)
  7 frilled lizards (D:1)
  5 kobolds
  7 rats
34 creatures vanquished.

Notes
Turn   | Place    | Note
-------+----------+-------------------------------------------
     0 | D:1      | kae the Tengu Transmuter began the quest for the Orb.
     0 | D:1      | Reached XP level 1. HP: 12/12 MP: 4/4
    76 | D:1      | Reached XP level 2. HP: 14/16 MP: 4/6
   537 | D:1      | Reached XP level 3. HP: 20/20 MP: 5/7
   984 | D:1      | Learned a level 3 spell: Spider Form
  1416 | D:2      | Slain by an adder

Illustrated notes

Levels and vault maps discovered:
D:1:      giann_wishing_wells, layout_basic, minmay_lizard_pond
D:2:      minmay_evil_eye, layout_rooms, overflow_temple_1_default,
          yredelemnul_forgotten_temple_becter

Skill      XL: |  1 |
---------------+----+-----
Transmutations | 2 |  2.7
Fighting       | |  1.1
Dodging        | |  2.1
Unarmed Combat | |  3.8
Spellcasting   | |  2.0
Poison Magic   | |  0.1

Action                   || total
-------------------------++-------
Melee: Unarmed           ||    89
       Kick              ||    17
       Peck              ||     7
       Headbutt          ||     2
       Punch             ||     1
 Cast: Beastly Appendage ||    12
  Use: Potion            ||     1
Armor: Robe              ||    23
Dodge: Dodged            ||    48

Table legend: (Time is in decaauts)
 A = Elapsed time spent in this place.
 B = Non-inter-level travel time spent in this place.
 C = Inter-level travel time spent in this place.
 D = Time resting spent in this place.
 E = Time spent auto-exploring this place.
 F = Levels seen in this place.
 G = Mean time per level.
                   A        B        C        D        E       F      G
               +--------+--------+--------+--------+--------+-----+--------+
         Total |   1409 |   1397 |     12 |    196 |    993 |   2 |  704.5 |
       Dungeon |   1409 |   1397 |     12 |    196 |    993 |   2 |  704.5 |
               +--------+--------+--------+--------+--------+-----+--------+

Top non-repeatable levels by time:
     D:1: 991 daAuts
     D:2: 417 daAuts
